 Dungeon Crawl Stone Soup version 0.23-a0-449-g8e4cbf7 (webtiles) character file.

10 Amnesiac the Digger (level 2, 12/19 HPs)
             Began as a Demonspawn Earth Elementalist on Nov 22, 2018.
             Quit the game on level 2 of the Dungeon.
             The game lasted 00:00:55 (661 turns).

Amnesiac the Digger (Demonspawn Earth Elementalist)  Turns: 661, Time: 00:00:55

Health: 12/19      AC:  2    Str:  8    XL:     2   Next: 10%
Magic:  4/5        EV: 11    Int: 16    God:
Gold:   15         SH:  3    Dex: 13    Spells: 4/5 levels left

rFire    . . .     SeeInvis .   f - +0 hand axe
rCold    . . .     Gourm    .   a - +0 buckler
rNeg     . . .     Faith    .   c - +0 robe
rPois    .         Spirit   +   (helmet restricted)
rElec    .         Reflect  .   e - scarf {Spirit}
rCorr    .         Harm     .   (no gloves)
MR       .....                  (no boots)
Stlth    ++........             (no amulet)
HPRegen  0.06/turn              (no ring)
MPRegen  0.09/turn              (no ring)

@: no status effects
A: horns 1
a: no special abilities


You were on level 2 of the Dungeon.
You were not hungry.

You visited 1 branch of the dungeon, and saw 2 of its levels.

You collected 15 gold pieces.

Inventory:

Hand Weapons
 f - a +0 hand axe (weapon)
 i - a +0 dagger
Missiles
 b - 49 stones (quivered)
Armour
 a - a +0 buckler (worn)
 c - a +0 robe (worn)
 e - a scarf of spirit shield (worn)
Potions
 h - a potion of curing {!q, unknown}
Comestibles
 d - 3 rations


   Skills:
 - Level 1.7 Dodging
 - Level 1.7 Stealth
 + Level 0.5 Shields
 + Level 2.1 Spellcasting
   Level 0.8 Transmutations
 * Level 3.0 Earth Magic


You had 4 spell levels left.
You knew the following spells:

 Your Spells              Type           Power        Failure   Level  Hunger
a - Sandblast             Erth           ##....       9%          1    #......

Your spell library contained the following spells:

 Spells                   Type           Power        Failure   Level  Hunger
 Passwall                 Tmut/Erth      #.......     22%         2    ###....
 Stone Arrow              Conj/Erth      #.....       45%         3    ###....
 Petrify                  Tmut/Erth      #.......     80%         4    #####..
 Lee's Rapid Deconstruct  Erth           ##........   94%         5    ######.


Dungeon Overview and Level Annotations

Branches:
Dungeon (2/15)

Altars:


Innate Abilities, Weirdness & Mutations

You have a pair of small horns on your head.


Message History

No target in view!
b - 49 stones (gained 22)
d - 3 rations (gained 1)
You start resting.
Magic restored.
You start resting.
HP restored.
A hobgoblin comes into view.
Found 9 gold pieces.
Found a stone staircase leading down.
A hobgoblin is nearby!
A hobgoblin is nearby!
The hobgoblin shouts!
You hit the hobgoblin.
The hobgoblin is lightly wounded.
The hobgoblin barely misses you.
You hit the hobgoblin.
You kill the hobgoblin!
Your Earth Magic skill increases to level 3!
You now have 15 gold pieces (gained 9).
There is a stone staircase leading down here.
Casting: Sandblast (safe; 6% risk of failure)
Confirm with . or Enter, or press ? or * to list all spells.
Okay, then.
Wear which item? (? for menu, Esc to quit)
You start putting on your armour.
You continue putting on your buckler. x4
You finish putting on your +0 buckler.
Casting: Sandblast (safe; 10% risk of failure)
Confirm with . or Enter, or press ? or * to list all spells.
Okay, then.
You climb downwards.
A goblin and a hobgoblin come into view.
There is a stone staircase leading up here.
The helpless goblin fails to defend itself.
You hit the goblin.
You kill the goblin!
You have reached level 2!
Your demonic ancestry asserts itself...
A pair of horns grows on your head!
Found 12 gold pieces.
The helpless hobgoblin fails to defend itself.
You hit the hobgoblin but do no damage. You headbutt the hobgoblin.
The hobgoblin is severely wounded.
The hobgoblin hits you.
You barely miss the hobgoblin.
You headbutt the hobgoblin, but do no damage.
The hobgoblin is severely wounded.
The hobgoblin closely misses you.
The hobgoblin hits you but does no damage.
You closely miss the hobgoblin.
The hobgoblin is severely wounded.
The hobgoblin hits you.
You closely miss the hobgoblin.
The hobgoblin is severely wounded.
The hobgoblin closely misses you.
You closely miss the hobgoblin.
The hobgoblin is severely wounded.
You block the hobgoblin's attack.
The hobgoblin hits you but does no damage.
You closely miss the hobgoblin.
The hobgoblin is severely wounded.
The hobgoblin hits you.
You hit the hobgoblin.
You kill the hobgoblin!
Are you sure you want to abandon this character and quit the game? (Confirm

##$############
........†......
##.###.@#
.......<#
##.####.# #.#
..# ..# ...#
...# #.#.#


There were no monsters in sight!

Vanquished Creatures
  A giant cockroach (D:1)
  2 goblins
  4 hobgoblins
  A kobold (D:1)
8 creatures vanquished.

Notes
Turn   | Place    | Note
-------+----------+-------------------------------------------
     0 | D:1      | Amnesiac the Demonspawn Earth Elementalist began the quest
                  | for the Orb.
     0 | D:1      | Reached XP level 1. HP: 13/13 MP: 3/3
   632 | D:1      | Reached skill level 3 in Earth Magic
   652 | D:2      | Gained mutation: You have a pair of small horns on your
                  | head. [demonic ancestry]
   652 | D:2      | Reached XP level 2. HP: 18/19 MP: 5/5
   661 | D:2      | Quit the game

Vault maps used:
D:1:      minmay_arrival_doors, minmay_misc_feat_pillars, nrook_loot_triangle,
          minivault_23
D:2:      lemuel_blue_sif_altar

Skill      XL: |  1 |
---------------+----+-----
Earth Magic    | 3 |  3.0
Dodging        | |  1.7
Stealth        | |  1.7
Shields        | |  0.5
Spellcasting   | |  2.1
Transmutations | |  0.8

Action                   || total
-------------------------++-------
Melee: Hand axe          ||    42
       Headbutt          ||     2
 Cast: Sandblast         ||     3
 Stab: Sleeping          ||     2
Armor: Robe              ||     6
Dodge: Dodged            ||    23
Block: Buckler           ||     1

Table legend:
 A = Non-vault XP
 B = Vault XP
 C = Vault XP percentage of total XP
 D = Non-vault monster count
 E = Vault monster count
 F = Vault count percentage of total count
                 A         B        C        D         E       F
            +---------+---------+-------+---------+---------+-------
      Total |      15 |       0 |   0.0 |       8 |       0 |   0.0
            +---------+---------+-------+---------+---------+-------
        D:1 |      11 |       0 |   0.0 |       6 |       0 |   0.0
        D:2 |       4 |       0 |   0.0 |       2 |       0 |   0.0
            +---------+---------+-------+---------+---------+-------
